 Dungeon Crawl Stone Soup version 0.28-a0-1387-g3a22ab9bdc (webtiles) character file.

Game seed: 8902666240962021024

53 eustatius the Slasher (level 3, -1/33 HPs)
             Began as a Minotaur Monk on Jan 3, 2022.
             Slain by Robin (4 damage)
             ... on level 2 of the Dungeon.
             The game lasted 00:03:48 (912 turns).

eustatius the Slasher (Minotaur Monk)                Turns: 912, Time: 00:03:52

Health: -1/33      AC:  2    Str: 17    XL:     3   Next: 62%
Magic:  2/2        EV: 13    Int:  7    God:
Gold:   71         SH:  0    Dex: 12    Spells: 2/2 levels left

rFire   . . .      SeeInvis .   a - +0 falchion
rCold   . . .      Faith    .   (no shield)
rNeg    . . .      Spirit   .   b - +0 robe
rPois   .          Reflect  .   (helmet restricted)
rElec   .          Harm     .   (no cloak)
rCorr   .          Rampage  .   (no gloves)
Will    .....                   (no boots)
Stlth   ++........              (no amulet)
HPRegen 0.11/turn               (no ring)
MPRegen 0.08/turn               (no ring)

@: no status effects
A: horns 2, retaliatory headbutt
a: no special abilities


You were on level 2 of the Dungeon.
You visited 1 branch of the dungeon, and saw 2 of its levels.

You collected 71 gold pieces.

Inventory:

Hand Weapons
 a - a +0 falchion (weapon)
Missiles
 h - 13 poisoned darts (quivered)
Armour
 b - a +0 robe (worn)
 f - a +0 leather armour
Jewellery
 d - an amulet of the acrobat
Scrolls
 c - a scroll of teleportation {unknown}
 e - 2 scrolls of amnesia {unknown}
Potions
 g - a potion of heal wounds {unknown}
 i - a potion of degeneration {unknown}
 j - a potion of cancellation {unknown}
 k - 2 potions of might {unknown}


   Skills:
 + Level 4.0 Fighting
 + Level 4.7 Long Blades
 + Level 3.9 Dodging
 + Level 1.6 Stealth


You had 2 spell levels left.
You didn't know any spells.
Your spell library was empty.

Dungeon Overview and Level Annotations

Branches:
Dungeon (2/15)

Altars:

Annotations:
D:2 Robin


Innate Abilities, Weirdness & Mutations

You have a pair of horns on your head.
You reflexively headbutt those who attack you in melee.


Message History

You kill the goblin!
The goblin completely misses you. The goblin misses you.
The goblin hits you with a +0 club. The goblin misses you.
You see here a +0 dagger.
You closely miss the goblin. The goblin completely misses you.
The goblin closely misses you. You furiously retaliate!
You headbutt the goblin!
You kill the goblin!
You completely miss the goblin. The goblin hits you with a +0 dagger.
Robin says, "Bow before me, strongest of all the hobgoblins!"
You miss the goblin. The goblin closely misses you. You furiously retaliate!
You headbutt the goblin!
You kill the goblin!
You hit Robin. You headbutt Robin.
Robin is severely wounded.
The goblin hits you with a +0 dagger.
Robin drinks a potion.
Robin is healed!
Robin throws the goblin at you!
* * * LOW HITPOINT WARNING * * *
The goblin hits you with a +0 club.
* * * LOW HITPOINT WARNING * * *
Robin throws the goblin at you! The goblin barely misses you.
The goblin hits you with a +0 club.
* * * LOW HITPOINT WARNING * * *
You slash the goblin!
You kill the goblin!
The goblin barely misses you. You furiously retaliate!
You headbutt the goblin!
You kill the goblin!
Robin throws the goblin at you!
* * * LOW HITPOINT WARNING * * *
You barely miss the goblin. The goblin barely misses you.
Robin hits you with a +0 short sword.
* * * LOW HITPOINT WARNING * * *
You hit the goblin. You headbutt the goblin.
The goblin is heavily wounded.
The goblin completely misses you. You furiously retaliate!
You headbutt the goblin.
You kill the goblin!
Robin hits you with a +0 short sword.
You die...

######## ##......#
#.......+ #.......###
.......... #
#........####.#
#....)...g@)..#
#........)######...
#####+#.###.....).)....#
........#####.#.#).....#
.......>..†..............
........#.#.#####.#######
........#.#.....#.#
...†....#.#####.#..
............# #.####


You could see Robin.

Vanquished Creatures
  An adder (D:2)
  3 dart slugs
  A ball python (D:1)
  2 bats
  An endoplasm (D:1)
  2 giant cockroaches
  12 goblins
  3 hobgoblins
  3 jackals (D:1)
  A kobold (D:1)
  3 rats (D:1)
32 creatures vanquished.

Notes
Turn   | Place    | Note
-------+----------+-------------------------------------------
     0 | D:1      | eustatius the Minotaur Monk began the quest for the Orb.
     0 | D:1      | Reached XP level 1. HP: 19/19 MP: 0/0
   149 | D:1      | Reached XP level 2. HP: 23/27 MP: 1/1
   764 | D:2      | Reached XP level 3. HP: 31/33 MP: 2/2
   894 | D:2      | Noticed Robin
   912 | D:2      | Slain by Robin

Illustrated notes

Levels and vault maps discovered:
D:1:      dpeg_arrival_fog, layout_loops_ring
D:2:      layout_basic, uniq_robin, uniq_natasha

Skill      XL: |  1  2  3 |
---------------+----------+-----
Long Blades    | 4 |  4.7
Fighting       | 4 |  4.0
Dodging        | |  3.9
Stealth        | |  1.6

Action                   || total
-------------------------++-------
Melee: Falchion          ||    58
       Headbutt          ||    11
Throw: Dart              ||     1
Armor: Robe              ||    14
Dodge: Dodged            ||    44

Table legend: (Time is in decaauts)
 A = Elapsed time spent in this place.
 B = Non-inter-level travel time spent in this place.
 C = Inter-level travel time spent in this place.
 D = Time resting spent in this place.
 E = Time spent auto-exploring this place.
 F = Levels seen in this place.
 G = Mean time per level.
                   A        B        C        D        E       F      G
               +--------+--------+--------+--------+--------+-----+--------+
         Total |    917 |    859 |     58 |      0 |    264 |   2 |  458.5 |
       Dungeon |    917 |    859 |     58 |      0 |    264 |   2 |  458.5 |
               +--------+--------+--------+--------+--------+-----+--------+

Top non-repeatable levels by time:
     D:1: 749 daAuts
     D:2: 167 daAuts
